 Dungeon Crawl Stone Soup version 0.30-a0-949-g53dc5368d7 (webtiles) character file.

Game seed: 3028228264934442863

881 mopl the Skirmisher (level 8, -3/57 HPs)
             Began as a Barachi Hunter on Mar 27, 2023.
             Slain by Edmund
             ... wielding a +3 flail of protection
              (10 damage)
             ... on level 5 of the Dungeon.
             The game lasted 00:05:16 (3750 turns).

mopl the Skirmisher (Barachi Hunter)                Turns: 3750, Time: 00:05:17

Health: -3/57      AC: 10    Str: 21    XL:     8   Next: 5%
Magic:  8/8        EV:  8    Int:  9    God:
Gold:   304        SH:  0    Dex: 16    Spells: 7/7 levels left

rFire   . . .      SeeInvis +    a - +0 shortbow
rCold   . . .      Faith    .    (shield currently unavailable)
rNeg    . . .      Spirit   .    t - +0 chain mail
rPois   .          Reflect  .    g - +0 helmet
rElec   .          Rampage  .    (no cloak)
rCorr   .                        (no gloves)
Will    .....                    d - +0 pair of boots Stlth
                                 (no amulet)
HPRegen 0.29/turn                p - +6 ring of strength
MPRegen 0.11/turn                v - ring of see invisible

@: unable to hop, slow
A: amphibious, slowness 1, strong legs 1, +LOS
a: Hop


You were on level 5 of the Dungeon.
You visited 1 branch of the dungeon, and saw 5 of its levels.

You collected 304 gold pieces.

Inventory:

Hand Weapons
 a - a +0 shortbow (weapon)
Missiles
 m - 3 poisoned darts
 o - 4 boomerangs
 w - 6 javelins
Armour
 d - a +0 pair of boots (worn)
 g - a +0 helmet (worn)
 t - a +0 chain mail (worn)
Jewellery
 p - a +6 ring of strength (left hand)
 v - a ring of see invisible (right hand)
Scrolls
 b - 2 scrolls of immolation
 f - a scroll of poison {unknown}
 i - a scroll of brand weapon {unknown}
 j - a scroll of noise {unknown}
 l - 2 scrolls of magic mapping {unknown}
 n - 2 scrolls of teleportation {unknown}
 q - 2 scrolls of identify {unknown}
 r - 2 scrolls of vulnerability {unknown}
 s - a scroll of enchant armour {unknown}
 u - a scroll of amnesia {unknown}
 y - a scroll of blinking {unknown}
 z - a scroll of fear {unknown}
Potions
 c - a potion of magic {unknown}
 e - a potion of brilliance {unknown}
 h - 4 potions of curing {unknown}
 k - 4 potions of heal wounds {unknown}
 x - 2 potions of lignification {unknown}
 A - a potion of haste {unknown}


   Skills:
 - Level 2.4 Fighting
 + Level 9.8 Ranged Weapons
 - Level 2.1 Dodging
 - Level 0.8 Stealth


You had 7 spell levels left.
You didn't know any spells.
Your spell library contained the following spells:

 Spells                   Type           Power      Damage    Failure   Level
 Apportation              Tloc           0%         N/A       99%         1
 Necrotise                Necr           0%         1d4       99%         1
 Summon Small Mammal      Summ           0%         N/A       99%         1
 Ensorcelled Hibernation  Hex/Ice        0%         N/A       100%        2
 Inner Flame              Hex/Fire       0%         N/A       100%        3
 Spider Form              Tmut/Pois      0%         N/A       100%        3
 Anguish                  Hex/Necr       0%         N/A       100%        4
 Cause Fear               Hex            0%         N/A       100%        4
 Summon Lightning Spire   Summ/Air       0%         N/A       100%        4
 Fireball                 Conj/Fire      0%         3d3       100%        5
 Iskenderun's Battlesphe  Conj           0%         2d6       100%        5
 Conjure Ball Lightning   Conj/Air       0%         3x3d6     100%        6
 Orb of Destruction       Conj           0%         9d5       100%        7
 Storm Form               Tmut/Air       0%         N/A       100%        7
 Discord                  Hex            0%         N/A       100%        8
 Maxwell's Capacitive Co  Air            0%         ∞         100%        8


Dungeon Overview and Level Annotations

Branches:
Dungeon (5/15)
 Temple: D:4-7

Altars:
Ashenzari
Fedhas
Nemelex Xobeh

Annotations:
D:5 Edmund


Innate Abilities, Weirdness & Mutations

You are amphibious.
You cover ground slowly.
You can hop short distances.
You have an extended range of vision and can be seen from far away.


Message History

Aim: Edmund, wielding a +3 flail of protection and wearing a +0 scale mail (moderately wounded, extremely poisoned, 64% to hit)
You throw a poisoned dart. The poisoned dart hits Edmund.
Edmund looks as sick as possible!
Edmund is moderately wounded.
Edmund hits you with a +3 flail of protection!
Fire: a) +0 shortbow
Press: ? - help, Shift-Dir - straight line, f/p - Edmund
Aim: Edmund, wielding a +3 flail of protection and wearing a +0 scale mail (heavily wounded, extremely poisoned, 69% to hit)
You shoot an arrow. The arrow barely misses Edmund.
Edmund hits you but does no damage.
Unknown command.
Fire: a) +0 shortbow
Press: ? - help, Shift-Dir - straight line, f/p - Edmund
Aim: Edmund, wielding a +3 flail of protection and wearing a +0 scale mail (heavily wounded, extremely poisoned, 69% to hit)
You shoot an arrow. The arrow barely misses Edmund.
Edmund hits you with a +3 flail of protection.
* * * LOW HITPOINT WARNING * * *
Fire: a) +0 shortbow
Press: ? - help, Shift-Dir - straight line, f/p - Edmund
Aim: Edmund, wielding a +3 flail of protection and wearing a +0 scale mail (heavily wounded, extremely poisoned, 69% to hit)
You shoot an arrow. The arrow closely misses Edmund.
Edmund barely misses you.
Edmund says, "People think my brother is the best.
I think he's crazy."
Edmund hits you but does no damage.
Fire: a) +0 shortbow
Press: ? - help, Shift-Dir - straight line, f/p - Edmund
Aim: Edmund, wielding a +3 flail of protection and wearing a +0 scale mail (heavily wounded, very poisoned, 69% to hit)
You shoot an arrow.
The arrow hits Edmund but does no damage.
Edmund is heavily wounded.
Edmund hits you with a +3 flail of protection!
* * * LOW HITPOINT WARNING * * *
Fire: a) +0 shortbow
Press: ? - help, Shift-Dir - straight line, f/p - Edmund
Aim: Edmund, wielding a +3 flail of protection and wearing a +0 scale mail (heavily wounded, very poisoned, 69% to hit)
You shoot an arrow.
The arrow hits Edmund but does no damage.
Edmund is heavily wounded.
Edmund hits you with a +3 flail of protection!
You die...

#....## ##.......(..#
#.....###...........#
#####...#......)....?#
...#.........###.(.###
##..........## ##(.#
.#.........## #(.#
......)....# #(.#
......)..#.######@##
................@.#
...............(..#
..................#
..................#
..................#
..................#
.(................#
...............#.##
.................###


You could see Edmund (very poisoned).

Vanquished Creatures
  Sigmund (D:4)
  Menkaure (D:4)
  An ice beast (D:5)
  A phantom (D:5)
  Blork the orc (D:4)
  A scorpion (D:4)
  A hound (D:5)
  A jelly (D:5)
  An iguana (D:5)
  Natasha (thrice) (D:3)
  4 adders
  4 gnolls (D:3)
  A dart slug (D:3)
  3 worms
  6 orcs
  A bat (D:1)
  7 endoplasms
  4 giant cockroaches
  9 hobgoblins
  4 jackals (D:4)
  7 quokkas
  4 ball pythons
  2 frilled lizards (D:2)
  10 goblins
  3 kobolds (D:1)
  4 rats
85 creatures vanquished.

Notes
Turn   | Place    | Note
-------+----------+-------------------------------------------
     0 | D:1      | mopl the Barachi Hunter began the quest for the Orb.
     0 | D:1      | Reached XP level 1. HP: 17/17 MP: 1/1
    78 | D:1      | Reached XP level 2. HP: 16/23 MP: 2/2
   477 | D:1      | Reached XP level 3. HP: 28/28 MP: 3/3
   753 | D:2      | Reached skill level 5 in Ranged Weapons
  1013 | D:2      | Reached XP level 4. HP: 34/34 MP: 4/4
  1039 | D:2      | Found a broken altar of Ashenzari.
  1633 | D:3      | Noticed Natasha
  1638 | D:3      | Killed Natasha
  1639 | D:3      | Reached skill level 6 in Ranged Weapons
  1647 | D:3      | Reached XP level 5. HP: 39/39 MP: 5/5
  1890 | D:3      | Noticed Natasha
  1898 | D:3      | Killed Natasha
  1916 | D:3      | Found a blossoming altar of Fedhas.
  2282 | D:3      | Noticed Natasha
  2285 | D:3      | Killed Natasha
  2418 | D:4      | Noticed Menkaure
  2548 | D:4      | Killed Menkaure
  2549 | D:4      | Reached skill level 7 in Ranged Weapons
  2549 | D:4      | Reached XP level 6. HP: 9/46 MP: 6/6
  2789 | D:4      | Reached skill level 8 in Ranged Weapons
  2851 | D:4      | Noticed Sigmund
  2856 | D:4      | Killed Sigmund
  2857 | D:4      | Reached XP level 7. HP: 40/51 MP: 7/7
  2865 | D:4      | Noticed Blork the orc
  2878 | D:4      | Killed Blork the orc
  3239 | D:5      | Entered Level 5 of the Dungeon
  3261 | D:5      | Reached skill level 9 in Ranged Weapons
  3380 | D:5      | Found a sparkling altar of Nemelex Xobeh.
  3470 | D:5      | Reached XP level 8. HP: 11/57 MP: 8/8
  3474 | D:5      | HP: 1/57 [quokka (3)]
  3684 | D:5      | Identified the orb of Anaesthesia {*Rage, +Blink}
  3723 | D:5      | Noticed Edmund
  3750 | D:5      | Slain by Edmund

Illustrated notes

Levels and vault maps discovered:
D:1:      reono_arrival_forest_river, layout_loops_ring,
          chequers_serial_rivers_large_b
D:2:      layout_basic, basic_altar, hangedman_abyss_or_decor_lesser_grid
D:3:      layout_basic, fedhas_altar_1, uniq_natasha
D:4:      nicolae_cairo_tiling_very_big, layout_rooms, uniq_menkaure,
          uniq_blork_the_orc, uniq_sigmund
D:5:      cheibrodos_two_vegetables, layout_rooms, marbit_many_paths,
          minitemple, uniq_edmund

Skill      XL: |  1  2  3  4  5  6  7 |
---------------+----------------------+-----
Ranged Weapons | 5 6 7 8 9 |  9.8
Fighting       | |  2.4
Dodging        | |  2.1
Stealth        | |  0.8

Action                     |  1- 3 |  4- 6 |  7- 9 || total
---------------------------+-------+-------+-------++-------
   Fire: Shortbow          |    93 |   145 |   121 ||   359
  Throw: Dart              |       |       |     6 ||     6
Ability: Hop               |     1 |     1 |     3 ||     5
 Armour: Scale mail        |    33 |    16 |       ||    49
         Skin              |     2 |       |       ||     2
         Chain mail        |       |    33 |    86 ||   119
  Dodge: Dodged            |    39 |    61 |    63 ||   163

Table legend: (Time is in decaauts)
 A = Elapsed time spent in this place.
 B = Non-inter-level travel time spent in this place.
 C = Inter-level travel time spent in this place.
 D = Time resting spent in this place.
 E = Time spent auto-exploring this place.
 F = Levels seen in this place.
 G = Mean time per level.
                   A        B        C        D        E       F      G
               +--------+--------+--------+--------+--------+-----+--------+
         Total |   4446 |   4285 |    161 |    535 |   2940 |   5 |  889.2 |
       Dungeon |   4446 |   4285 |    161 |    535 |   2940 |   5 |  889.2 |
               +--------+--------+--------+--------+--------+-----+--------+

Top non-repeatable levels by time:
     D:4: 1097 daAuts
     D:3: 1092 daAuts
     D:2: 1023 daAuts
     D:1: 821 daAuts
     D:5: 411 daAuts
